 Dungeon Crawl Stone Soup version 0.17-a0-1399-gd5b76e1 (webtiles) character file.

90 urechis the Poker (level 4, 0/33 HPs)
             Began as a Merfolk Gladiator on June 19, 2015.
             Killed from afar by Natasha (5 damage)
             ... with a magic dart
             ... on level 3 of the Dungeon.
             The game lasted 00:03:34 (1864 turns).

urechis the Poker (Merfolk Gladiator)               Turns: 1864, Time: 00:03:34

Health: 0/33       AC:  4    Str: 15    XL:     4   Next: 56%
Magic:  4/4        EV: 13    Int:  7    God:
Gold:   133        SH:  0    Dex: 15    Spells: 0 memorised, 3 levels left

rFire  . . .     SeeInvis .     a - +0 trident
rCold  . . .     Clarity  .     b - +0 leather armour
rNeg   . . .     SustAt   .     (no shield)
rPois  .         Gourm    .     c - +0 helmet
rElec  .         Spirit   .     (no cloak)
rCorr  .         Warding  .     (no gloves)
rMut   .         Stasis   .     (no boots)
MR     .....                    (no amulet)
Stlth  +.........               (no ring)
                                (no ring)

@: flying, slowed, very slow, not resistant to hostile enchantments, very
unstealthy
A: change form in water, swift swim
a: no special abilities


You were on level 3 of the Dungeon.
You were very hungry.

You visited 1 branch of the dungeon, and saw 3 of its levels.

You collected 133 gold pieces.

Inventory:

Hand weapons
 a - a +0 trident (weapon)
Missiles
 d - 3 throwing nets (quivered)
Armour
 b - a +0 leather armour (worn)
 c - a +0 helmet (worn)
Scrolls
 g - 2 scrolls of identify {unknown}
 h - a scroll of enchant armour {unknown}
 j - a scroll of blinking {unknown}
 k - 5 scrolls of remove curse {unknown}
 l - a scroll of recharging {unknown}
Potions
 i - a potion of flight
Comestibles
 e - 3 bread rations
 n - 2 fruits


   Skills:
 - Level 2.1 Fighting
 + Level 7.5 Polearms
 - Level 2.0 Throwing
 - Level 4.0 Dodging


You had 3 spell levels left.
You didn't know any spells.

Dungeon Overview and Level Annotations

Branches:
Dungeon (3/15)

Altars:
Elyvilon
Fedhas
Kikubaaqudgha
Nemelex Xobeh
The Shining One

Annotations:
D:3 Natasha


Message History

Natasha is severely wounded.
Natasha stares at you and mumbles some strange words.
The magic dart hits you!
* * * LOW HITPOINT WARNING * * *
Natasha misses you.
You hit Natasha.
Natasha is almost dead.
You hear the brisk rusting of a distant drain.
Natasha gestures.
Suddenly you are surrounded with a pale green light.
Natasha misses you.
You hit Natasha but do no damage.
Natasha is almost dead.
Natasha closely misses you. Natasha claws you.
* * * LOW HITPOINT WARNING * * *
You closely miss Natasha.
Natasha is almost dead.
Natasha casts a spell at you. The magic dart hits you!
You die...

#.
#.#####.......##(#
#..
#...)##..........#
#.##.....(........##
..#..####(####...#
#....##.....##...#
###..#.....((#..##
##..#.......#.##
#...)..._...[.#
#...#@......#รท...#
#.#.#.h.....#.#...#
#
#.##.....##.......#
.. ###.####.#####..
.( ..... ..# . .@.
##...##.## .g. ###..
. ..


You could see Natasha.

Vanquished Creatures
  Terence (D:3)
  An adder (D:3)
  3 worms (D:2)
  An orc (D:3)
  A giant cockroach (D:3)
  4 hobgoblins (D:2)
  4 jackals (D:3)
  6 kobolds
  2 quokkas (D:2)
  7 bats
  A giant newt (D:1)
  8 goblins
  9 rats
48 creatures vanquished.

Notes
Turn   | Place    | Note
--------------------------------------------------------------
     0 | D:1      | urechis the Merfolk Gladiator began the quest for the Orb.
     0 | D:1      | Reached XP level 1. HP: 16/16 MP: 1/1
   356 | D:1      | Reached skill level 5 in Polearms
   361 | D:1      | Reached XP level 2. HP: 22/22 MP: 2/2
   898 | D:2      | Found a blossoming altar of Fedhas.
   965 | D:2      | Found an ancient bone altar of Kikubaaqudgha.
   982 | D:2      | Reached XP level 3. HP: 24/27 MP: 3/3
   985 | D:2      | Reached skill level 6 in Polearms
  1066 | D:2      | Found a white marble altar of Elyvilon.
  1071 | D:2      | Found a sparkling altar of Nemelex Xobeh.
  1596 | D:3      | Found a glowing golden altar of the Shining One.
  1607 | D:3      | Reached skill level 7 in Polearms
  1607 | D:3      | Reached XP level 4. HP: 26/33 MP: 4/4
  1834 | D:3      | Noticed Terence
  1842 | D:3      | Noticed Natasha
  1844 | D:3      | Killed Terence
  1864 | D:3      | Killed from afar by Natasha

Vault maps used:
D:1:      sevenhm_arrival_forest_fort_large_2
D:2:      grunt_temple_overflow_open, kiku_gazebo_pond_becter,
          overflow_temple_1_default, minmay_close_crescents
D:3:      old_standard_altar, gup_sewer_entry_spiral, uniq_natasha,
          uniq_terence, uniq_crazy_yiuf_cottage

Action                   |  1- 3 |  4- 6 || total
-------------------------+-------+-------++-------
Melee: Trident           |   147 |    23 ||   170
  Use: Potion            |       |     3 ||     3
 Stab: Sleeping          |     3 |       ||     3
  Eat: Chunk             |     2 |       ||     2
